cohdb
Replays
Latest Replays
All Replays
Popular Replays
Top Player Replays
Match Explorer
How It Works
Community
CoH3 Stats
Reddit
Sign in to upload your games and track your stats! →
Sign in with Steam
Match 41781537
Unlisted
Match 41781537
Overview
Messages
Build Orders
End
Construct Weapon Support Center
Selects Airborne Battlegroup
Selects Pathfinders
Pathfinder Squad
M1919 Machine Gun Team
Engineer Squad
M1919 Machine Gun Team
Selects Paratrooper Squad Paradrop
Paratrooper Squad Paradrop
Mechanized Support Center
Paratrooper Squad Paradrop
M3 Armored Personnel Carrier
Paratrooper Squad Paradrop
Selects Anti-tank Gun Team Paradrop
Construct Tank Depot
Paratrooper Squad Paradrop
Selects Recon Loiter
Selects Supply Drop
M4A1 Sherman Medium Tank
Jarekk
喝!
Saueee
Castellan
0
0
Comments
sign in to comment!
No comments posted yet!